BR (22 & UNDER)
LOGAN SWANS @ CORONADO ECLIPSE
07/28/2029
 
TOP OF THE 1ST
Logan Swans batting - Pitching for Coronado Eclipse : RHP Juan Salazar
Pitching: RHP Juan Salazar
Batting: LHB Bob Coztana 0-0: Called Strike
0-1: Called Strike
0-2: Fly out, F7 (Flyball, 7)
Batting: RHB Jesús Farías 0-0: Swinging Strike
0-1: Ground out 6-3 (Groundball, 6)
Batting: LHB Francisco Ríos 0-0: Ball
1-0: Ball
2-0: Ball
3-0: Base on Balls
Batting: RHB Lawrence Ware 0-0: Called Strike
Francisco Ríos steals 2nd base
0-1: Ball
1-1: Foul Ball, location: 2F
1-2: Fly out, F9 (Flyball, 9LS)
Top of the 1st over - 0 runs, 0 hits, 0 errors, 1 left on base; Logan 0 - Coronado 0
BOTTOM OF THE 1ST
Coronado Eclipse batting - Pitching for Logan Swans : RHP Emílio Valdés
Pitching: RHP Emílio Valdés
Batting: SHB Luis Sotelo 0-0: Ball
1-0: Ball
2-0: Ball
3-0: Called Strike
3-1: Base on Balls
Batting: RHB Fred Wagner 0-0: Foul Ball, location: 2F
0-1: Ball
1-1: Ball
2-1: Ball
3-1: Foul Ball, location: 2F
3-2: Base on Balls
Luis Sotelo to second
Batting: RHB Júlio Serra 0-0: Ball
1-0: DOUBLE (Line Drive, 7LM)
Luis Sotelo scores
Fred Wagner to third
Pinch Runner at 2nd Ramón Espinoza:
Batting: RHB Ramón Sánchez 0-0: Ball
1-0: Called Strike
1-1: Swinging Strike
1-2: Strikes out swinging
Batting: RHB Phil Martin 0-0: SINGLE (Line Drive, 5D)
Fred Wagner scores
Ramón Espinoza to third
Runner from 3rd tries for Home, SAFE, throw made home
Phil Martin to second
Batting: RHB Sandro Hernández 0-0: Called Strike
0-1: Ball
1-1: Called Strike
1-2: Strikes out swinging
Batting: RHB José Chávez 0-0: Ball
1-0: Ball
2-0: SINGLE (Groundball, 13) (infield hit)
Phil Martin to third
Batting: RHB Walt Green 0-0: Ball
1-0: Ball
2-0: Called Strike
2-1: Foul Ball, location: 2F
2-2: Ball
3-2: Strikes out swinging
Bottom of the 1st over - 3 runs, 3 hits, 0 errors, 2 left on base; Logan 0 - Coronado 3
TOP OF THE 2ND
Logan Swans batting - Pitching for Coronado Eclipse : RHP Juan Salazar
Now in RF: Ramón Espinoza
Batting: LHB Robinson Ordóñez 0-0: Ball
1-0: Foul Ball, location: 2F
1-1: Ball
2-1: Foul Ball, location: 2F
2-2: Ball
3-2: SINGLE (Line Drive, 5)
Batting: RHB Bill Peterson 0-0: Called Strike
0-1: Called Strike
0-2: Strikes out swinging
Batting: RHB Luis Martínez 0-0: Ball
1-0: Foul Ball, location: 2F
1-1: Fly out, F8 (Flyball, 8RM)
Batting: RHB Lloyd Arnette 0-0: Ball
1-0: Fielders Choice at 2nd, 5-4 (Groundball, 56)
Top of the 2nd over - 0 runs, 1 hit, 0 errors, 1 left on base; Logan 0 - Coronado 3
BOTTOM OF THE 2ND
Coronado Eclipse batting - Pitching for Logan Swans : RHP Emílio Valdés
Batting: RHB Danny Scott 0-0: Ball
1-0: Called Strike
1-1: Ground out 6-3 (Groundball, 6)
Batting: SHB Luis Sotelo 0-0: Ball
1-0: Ball
2-0: Called Strike
2-1: Swinging Strike
2-2: Ball
3-2: Foul Ball, location: 2F
3-2: Strikes out swinging
Batting: RHB Fred Wagner 0-0: Called Strike
0-1: Foul Ball, location: 2F
0-2: Ball
1-2: Ball
2-2: Ground out U3 (Groundball, 3S)
Bottom of the 2nd over - 0 runs, 0 hits, 0 errors, 0 left on base; Logan 0 - Coronado 3
TOP OF THE 3RD
Logan Swans batting - Pitching for Coronado Eclipse : RHP Juan Salazar
Batting: RHB Sergio Mora 0-0: Foul Ball, location: 2F
0-1: Fly out, F9 (Flyball, 9)
Batting: LHB Bob Coztana 0-0: Ball
1-0: Called Strike
1-1: Foul Ball, location: 2F
1-2: Ball
2-2: SINGLE (Flyball, 7)
Batting: RHB Jesús Farías 0-0: Called Strike
0-1: Called Strike
Bob Coztana steals 2nd base
0-2: Fly out, F2 (Popup, 23F)
Batting: LHB Francisco Ríos 0-0: Called Strike
0-1: Called Strike
0-2: Ball
1-2: Ball
2-2: Ball
3-2: Ground out 4-3 (Groundball, 4)
Top of the 3rd over - 0 runs, 1 hit, 0 errors, 1 left on base; Logan 0 - Coronado 3
BOTTOM OF THE 3RD
Coronado Eclipse batting - Pitching for Logan Swans : RHP Emílio Valdés
Batting: RHB Ramón Espinoza 0-0: Called Strike
0-1: Ball
1-1: Ball
2-1: Ball
3-1: Foul Ball, location: 2F
3-2: Foul Ball, location: 2F
3-2: Foul Ball, location: 2F
3-2: Strikes out swinging
Batting: RHB Ramón Sánchez 0-0: Ball
1-0: Swinging Strike
1-1: Foul Ball, location: 2F
1-2: Foul Ball, location: 2F
1-2: Foul Ball, location: 2F
1-2: Ball
2-2: Foul Ball, location: 2F
2-2: Ball
3-2: Foul Ball, location: 2F
3-2: Fly out, F6 (Popup, 6M)
Batting: RHB Phil Martin 0-0: Called Strike
0-1: Swinging Strike
0-2: Strikes out swinging
Bottom of the 3rd over - 0 runs, 0 hits, 0 errors, 0 left on base; Logan 0 - Coronado 3
TOP OF THE 4TH
Logan Swans batting - Pitching for Coronado Eclipse : RHP Juan Salazar
Batting: RHB Lawrence Ware 0-0: Reached on error, E4 (Groundball, 4)
Batting: LHB Robinson Ordóñez 0-0: Ball
1-0: Foul Ball, location: 2F
1-1: Ball
2-1: Called Strike
2-2: Foul Ball, location: 2F
2-2: Ball
3-2: 2-RUN HOME RUN (Flyball, 9LD), Distance : 345 ft
Batting: RHB Bill Peterson 0-0: Called Strike
0-1: Ball
1-1: Ball
2-1: Ball
3-1: Foul Ball, location: 2F
3-2: Strikes out swinging
Batting: RHB Luis Martínez 0-0: Foul Ball, location: 2F
0-1: Foul Ball, location: 2F
0-2: Strikes out swinging
Batting: RHB Lloyd Arnette 0-0: Ball
1-0: Bunt for hit - play at first, batter OUT! 3-4
Top of the 4th over - 2 runs, 1 hit, 1 error, 0 left on base; Logan 2 - Coronado 3
BOTTOM OF THE 4TH
Coronado Eclipse batting - Pitching for Logan Swans : RHP Emílio Valdés
Batting: RHB Sandro Hernández 0-0: Ball
1-0: Ball
2-0: Foul Ball, location: 2F
2-1: Ball
3-1: Base on Balls
Batting: RHB José Chávez 0-0: Foul Ball, location: 2F
0-1: Called Strike
0-2: Ball
1-2: Ball
2-2: Fly out, F3 (Popup, 4S)
Batting: RHB Walt Green 0-0: Ball
1-0: Called Strike
1-1: Ball
2-1: Swinging Strike
2-2: Foul Ball, location: 2F
2-2: Ground out 5-3 (Groundball, 25)
Sandro Hernández to second
Batting: RHB Danny Scott 0-0: Foul Ball, location: 2F
0-1: Fly out, F8 (Flyball, 8RM)
Bottom of the 4th over - 0 runs, 0 hits, 0 errors, 1 left on base; Logan 2 - Coronado 3
TOP OF THE 5TH
Logan Swans batting - Pitching for Coronado Eclipse : RHP Juan Salazar
Batting: RHB Sergio Mora 0-0: Swinging Strike
0-1: Swinging Strike
0-2: Ball
1-2: Strikes out swinging
Batting: LHB Bob Coztana 0-0: Called Strike
0-1: Foul Ball, location: 2F
0-2: Foul Ball, location: 2F
0-2: Ball
1-2: Strikes out looking
Batting: RHB Jesús Farías 0-0: Swinging Strike
0-1: Ball
1-1: Ground out 4-3 (Groundball, 4)
Top of the 5th over - 0 runs, 0 hits, 0 errors, 0 left on base; Logan 2 - Coronado 3
BOTTOM OF THE 5TH
Coronado Eclipse batting - Pitching for Logan Swans : RHP Emílio Valdés
Batting: SHB Luis Sotelo 0-0: Ball
1-0: Swinging Strike
1-1: Foul Ball, location: 2F
1-2: Foul Ball, location: 2F
1-2: Ball
2-2: Strikes out swinging
Batting: RHB Fred Wagner 0-0: Called Strike
0-1: Ball
1-1: Ball
2-1: Ball
3-1: Ground out 6-3 (Groundball, 6)
Batting: RHB Ramón Espinoza 0-0: Fly out, F8 (Flyball, 8LM)
Bottom of the 5th over - 0 runs, 0 hits, 0 errors, 0 left on base; Logan 2 - Coronado 3
TOP OF THE 6TH
Logan Swans batting - Pitching for Coronado Eclipse : RHP Juan Salazar
Batting: LHB Francisco Ríos 0-0: Ball
1-0: DOUBLE (Line Drive, 78XD)
Batting: RHB Lawrence Ware 0-0: Called Strike
0-1: Called Strike
0-2: Foul Ball, location: 2F
0-2: SINGLE (Groundball, 56) (infield hit)
Francisco Ríos to third
Batting: LHB Robinson Ordóñez 0-0: Ball
1-0: Foul Ball, location: 2F
1-1: Ball
2-1: Ball
3-1: Called Strike
3-2: Strikes out swinging
Lawrence Ware is caught stealing 2nd base
Batter strikes out.
Batting: RHB Bill Peterson 0-0: Swinging Strike
0-1: Ball
1-1: Foul Ball, location: 2F
1-2: Ground out 4-3 (Groundball, 4)
Top of the 6th over - 0 runs, 2 hits, 0 errors, 1 left on base; Logan 2 - Coronado 3
BOTTOM OF THE 6TH
Coronado Eclipse batting - Pitching for Logan Swans : RHP Emílio Valdés
Batting: RHB Ramón Sánchez 0-0: Swinging Strike
0-1: Ball
1-1: Foul Ball, location: 2F
1-2: Ball
2-2: SINGLE (Flyball, 78S)
Pitching: LHP Michael Dean
Batting: RHB Phil Martin 0-0: Ball
1-0: Grounds into double play, 6-4-3 (Groundball, 6)
Batting: RHB Sandro Hernández 0-0: Called Strike
0-1: Ball
1-1: Ball
2-1: Ground out U3 (Groundball, 3L)
Bottom of the 6th over - 0 runs, 1 hit, 0 errors, 0 left on base; Logan 2 - Coronado 3
TOP OF THE 7TH
Logan Swans batting - Pitching for Coronado Eclipse : RHP Juan Salazar
Batting: RHB Luis Martínez 0-0: Called Strike
0-1: Ground out 5-3 (Groundball, 5)
Batting: RHB Lloyd Arnette 0-0: Ball
1-0: SINGLE (Groundball, 34D)
Pinch Hitting: LHB Vicente Vega 0-0: Ball
1-0: Foul Ball, location: 2F
1-1: Called Strike
1-2: Ball
2-2: Ball
3-2: Fly out, F8 (Flyball, 8LD)
Batting: LHB Bob Coztana 0-0: Ball
1-0: Ball
2-0: Called Strike
2-1: Foul Ball, location: 2F
2-2: Foul Ball, location: 2F
2-2: Ground out 4-3 (Groundball, 4)
Top of the 7th over - 0 runs, 1 hit, 0 errors, 1 left on base; Logan 2 - Coronado 3
BOTTOM OF THE 7TH
Coronado Eclipse batting - Pitching for Logan Swans : LHP Michael Dean
Now in RF: Vicente Vega
Batting: RHB José Chávez 0-0: Called Strike
0-1: Swinging Strike
0-2: Ball
1-2: Foul Ball, location: 2F
1-2: Reached on error, E5 (Groundball, 56)
Batting: RHB Walt Green 0-0: Reached on error, E3 (Groundball, 23)
José Chávez to second
Pinch Hitting: RHB Henry Cahill 0-0: Called Strike
0-1: Swinging Strike
0-2: Ball
1-2: Foul Ball, location: 2F
1-2: Ball
2-2: Fly out, F9 (Flyball, 89M)
Runner from 2nd tags up, SAFE at 3rd with throw
Batting: SHB Luis Sotelo 0-0: Ball
1-0: Ball
2-0: Called Strike
2-1: Ball
3-1: Called Strike
3-2: Foul Ball, location: 2F
3-2: Ground out 5-3 (Groundball, 56)
Walt Green to second
Batting: RHB Fred Wagner 0-0: Ball
1-0: Ball
2-0: Called Strike
2-1: Called Strike
2-2: SINGLE (Flyball, 6MD)
José Chávez scores
Walt Green to third
Runner from 3rd tries for Home, SAFE, no throw
Batting: RHB Ramón Espinoza 0-0: Swinging Strike
0-1: Ball
1-1: Swinging Strike
1-2: Strikes out swinging passed ball, reaches first!
Fred Wagner to second
Batting: RHB Ramón Sánchez 0-0: Called Strike
0-1: Ball
Wild Pitch!
Fred Wagner to third
Ramón Espinoza to second
1-1: Swinging Strike
1-2: Strikes out swinging
Bottom of the 7th over - 2 runs, 1 hit, 2 errors, 2 left on base; Logan 2 - Coronado 5
TOP OF THE 8TH
Logan Swans batting - Pitching for Coronado Eclipse : RHP Juan Salazar
Pitching: RHP Jacob Pearson
Now at 2B: António Ramírez
Batting: RHB Jesús Farías 0-0: Called Strike
0-1: Swinging Strike
0-2: Fly out, F9 (Flyball, 89D)
Batting: LHB Francisco Ríos 0-0: Called Strike
0-1: Ground out 4-3 (Groundball, 4)
Batting: RHB Lawrence Ware 0-0: Ball
1-0: Ball
2-0: Called Strike
2-1: Foul Ball, location: 2F
2-2: Strikes out swinging
Top of the 8th over - 0 runs, 0 hits, 0 errors, 0 left on base; Logan 2 - Coronado 5
BOTTOM OF THE 8TH
Coronado Eclipse batting - Pitching for Logan Swans : LHP Michael Dean
Batting: RHB Phil Martin 0-0: Called Strike
0-1: Foul Ball, location: 2F
0-2: Ball
1-2: Ground out U3 (Groundball, 34S)
Batting: RHB Sandro Hernández 0-0: Ball
1-0: Foul Ball, location: 2F
1-1: Ball
2-1: Foul Ball, location: 2F
2-2: SINGLE (Line Drive, 34S)
Batting: RHB José Chávez 0-0: Foul Ball, location: 2F
0-1: Called Strike
0-2: Ball
1-2: Ball
2-2: Ball
3-2: Fly out, F7 (Flyball, 78D)
Batting: RHB Walt Green 0-0: Ball
1-0: Fly out, F5 (Line Drive, 5)
Bottom of the 8th over - 0 runs, 1 hit, 0 errors, 1 left on base; Logan 2 - Coronado 5
TOP OF THE 9TH
Logan Swans batting - Pitching for Coronado Eclipse : RHP Jacob Pearson
Pitching: RHP Bob Thompson
Batting: LHB Robinson Ordóñez 0-0: Ball
1-0: Ball
2-0: Ball
3-0: Base on Balls
Batting: RHB Bill Peterson 0-0: Swinging Strike
0-1: Called Strike
0-2: Foul Ball, location: 2F
0-2: Strikes out looking
Batting: RHB Luis Martínez 0-0: Fly out, F3 (Popup, 34S)
Batting: RHB Lloyd Arnette 0-0: Called Strike
0-1: Ball
1-1: Foul Ball, location: 2F
1-2: Strikes out looking
Top of the 9th over - 0 runs, 0 hits, 0 errors, 1 left on base; Logan 2 - Coronado 5
Saturday, December 16th, 2017 - OOTP Baseball 18.8 Build 76